 Dungeon Crawl Stone Soup version 0.32-a0-540-g866d13106e (webtiles) character file.

Game seed: 17751179267627685591

1099 lunkers the Cutter (level 8, -2/61 HPs)
             Began as a Coglin Brigand on Feb 28, 2024.
             Succumbed to a water moccasin's poison
             ... on level 5 of the Dungeon.
             The game lasted 00:06:32 (4375 turns).

lunkers the Cutter (Coglin Brigand)                 Turns: 4375, Time: 00:06:33

Health: -2/61      AC:  8    Str: 14    XL:     8   Next: 32%
Magic:  8/8        EV:  9    Int: 11    God:
Gold:   256        SH:  0    Dex: 15    Spells: 7/7 levels left

rFire   . . .        x - +3 short sword {Cedro}
rCold   . . .        j - +4 dagger {Araceli}
rNeg    . . .        q - +0 scale mail
rPois   .            (no helmet)
rElec   .            B - +0 cloak {Stlth+}
rCorr   .            (no gloves)
SInv    .            b - +0 pair of boots
Will    .....        (no amulet)
Stlth   ++           (ring unavailable)
HPRegen 0.30/turn    (ring unavailable)
MPRegen 0.11/turn

%: no passive effects
@: lethally poisoned (-2 -> -16), revved
A: off-hand wielding, slow wielding, warmup strikes, no rings
a: no special abilities


You were on level 5 of the Dungeon.
You visited 1 branch of the dungeon, and saw 5 of its levels.

You collected 256 gold pieces.

Inventory:

Hand Weapons
 a - a +2 dagger {Jacinta}
 j - a +4 dagger (offhand) {Araceli}
 x - a +3 short sword (weapon) {Cedro}
Missiles
 d - 9 poisoned darts
 e - 3 curare-tipped darts
Armour
 b - a +0 pair of boots (worn)
 q - a +0 scale mail (worn)
 B - a +0 cloak of stealth (worn)
Wands
 v - a wand of roots (8)
 A - a wand of flame (14)
Scrolls
 f - 4 scrolls of identify {unknown}
 g - 2 scrolls of acquirement {unknown}
 i - 2 scrolls of blinking {unknown}
 k - a scroll of amnesia {unknown}
 o - 2 scrolls of poison {unknown}
 r - 5 scrolls of teleportation {unknown}
 u - a scroll of revelation {unknown}
 y - a scroll of enchant weapon {unknown}
Potions
 h - a potion of heal wounds {unknown}
 l - a potion of brilliance {unknown}
 m - a potion of might {unknown}
 n - 5 potions of curing {unknown}
 s - 2 potions of enlightenment {unknown}
 t - a potion of ambrosia {unknown}
 z - a potion of mutation {unknown}


   Skills:
 + Level 4.7 Fighting
 + Level 6.8 Short Blades
 - Level 1.7 Throwing
 - Level 0.8 Dodging
 - Level 3.2 Stealth
 + Level 5.5 Evocations


You had 7 spell levels left.
You didn't know any spells.
Your spell library contained the following spells:

 Spells                   Type           Power      Damage    Failure   Level
 Apportation              Tloc           0%         N/A       85%         1
 Necrotise                Necr           0%         1d4       85%         1
 Sting                    Conj/Alch      0%         1d3       85%         1
 Summon Small Mammal      Summ           0%         N/A       85%         1
 Frozen Ramparts          Ice            0%         1d1       99%         3
 Gell's Gravitas          Tloc           0%         N/A       99%         3
 Teleport Other           Tloc           0%         N/A       99%         3
 Leda's Liquefaction      Alch/Erth      0%         N/A       100%        4
 Petrify                  Alch/Erth      0%         N/A       100%        4
 Metabolic Englaciation   Hex/Ice        0%         N/A       100%        5
 Dispersal                Tloc           0%         N/A       100%        6


Dungeon Overview and Level Annotations

Branches:
Dungeon (5/15)
 Temple: D:4-7

Altars:
Ashenzari
Dithmenos
Fedhas

Annotations:
D:3 exclusion: oklob plant


Innate Abilities, Weirdness & Mutations

You can wield a second weapon in your off-hand.
It takes a long time for you to wield or remove held weapons.
Your first few attacks do less damage.
Your grasper-arms cannot wear rings.


Message History

The grasping roots constrict the adder!
You kill the adder!
The water moccasin bites you but does no damage.
The phantom hits you.
* * * LOW HITPOINT WARNING * * *
The phantom blinks!
You blink.
A scorpion comes into view.
An orc comes into view. It is wielding a +0 mace.
The water moccasin escapes!
Unknown command.
Aiming: Paralyse
Press: ? - help, Shift-Dir - straight line, f/p - water moccasin
Aim: a water moccasin (almost dead, chance to affect: 62%)
The water moccasin resists with significant effort.
The orc shouts!
The phantom hits you but does no damage.
Aiming: Paralyse
Press: ? - help, Shift-Dir - straight line, f - phantom, p - water moccasin
Aim: a phantom (chance to affect: 45%)
The phantom resists with some effort.
The now-empty wand crumbles to dust.
A black bear comes into view.
The phantom misses you.
The black bear growls angrily.
You hit the phantom with your +4 dagger.
The phantom is lightly damaged.
You puncture the phantom with your +3 short sword!
The water moccasin completely misses you.
The phantom hits you but does no damage.
Unknown command.
You hit the phantom but do no damage.
The phantom is moderately damaged.
You hit the phantom with your +3 short sword.
The water moccasin bites you.
* * * LOW HITPOINT WARNING * * *
You are lethally poisoned!
The water moccasin poisons you!
You hit the phantom but do no damage.
The phantom is heavily damaged.
You hit the phantom with your +3 short sword.
You die...

#.. . .. . ##.#
##...# .).♣
#....# ....
#.#..# .... #.
#....# ... #.
##S@W.# ♣. #.
###..s..♣ ♣
#.##.†...#..♣
#.#..##..#♣..♣
#.#.####o##♣...
#...)..#..#
....
#.>.##.#.h##
...
#..###.#...# ..
#..# #.#.#.###
##


You could see a water moccasin, a black bear, a phantom, a scorpion and an orc.

Vanquished Creatures
  Grinder (D:4)
  A water moccasin (D:5)
  An ice beast (D:5)
  A black bear (D:5)
  A phantom (D:4)
  A scorpion (D:4)
  A howler monkey (D:4)
  A jelly (D:4)
  3 iguanas (D:5)
  Crazy Yiuf (D:4)
  Natasha (thrice) (D:4)
  Terence (D:2)
  11 adders
  An ufetubus (D:5)
  2 dart slugs (D:1)
  2 ribbon worms (D:2)
  12 orcs
  9 bats
  6 endoplasms
  4 giant cockroaches
  6 goblins
  3 hobgoblins
  2 jackals (D:2)
  9 kobolds
  4 quokkas
  9 ball pythons
  3 frilled lizards
  4 rats
103 creatures vanquished.

Notes
Turn   | Place    | Note
-------+----------+-------------------------------------------
     0 | D:1      | lunkers the Coglin Brigand began the quest for the Orb.
     0 | D:1      | Reached XP level 1. HP: 16/16 MP: 1/1
    35 | D:1      | Reached skill level 2 in Short Blades
    57 | D:1      | Reached XP level 2. HP: 15/22 MP: 2/2
   164 | D:1      | Reached skill level 3 in Short Blades
   254 | D:1      | Reached XP level 3. HP: 27/27 MP: 3/3
  1171 | D:2      | Reached XP level 4. HP: 31/33 MP: 4/4
  1204 | D:2      | Found a faded altar of an unknown god.
  1207 | D:2      | Reached skill level 4 in Short Blades
  1209 | D:2      | Noticed Terence
  1221 | D:2      | Killed Terence
  1518 | D:2      | Reached XP level 5. HP: 20/38 MP: 5/5
  2250 | D:3      | Found a shadowy altar of Dithmenos.
  2387 | D:3      | Reached skill level 5 in Short Blades
  2611 | D:3      | Found a broken altar of Ashenzari.
  2667 | D:3      | Found a blossoming altar of Fedhas.
  2678 | D:3      | Noticed an oklob plant
  2942 | D:4      | Reached XP level 6. HP: 33/44 MP: 6/6
  3081 | D:4      | Noticed Grinder
  3095 | D:4      | Killed Grinder
  3163 | D:4      | Reached skill level 6 in Short Blades
  3163 | D:4      | Reached XP level 7. HP: 50/52 MP: 7/7
  3309 | D:4      | Noticed Natasha
  3318 | D:4      | Killed Natasha
  3587 | D:4      | Noticed Natasha
  3594 | D:4      | Killed Natasha
  3662 | D:4      | Found a runed translucent door.
  3663 | D:4      | Noticed Crazy Yiuf
  3689 | D:4      | Noticed Natasha
  3696 | D:4      | Killed Natasha
  3888 | D:4      | Killed Crazy Yiuf
  3985 | D:5      | Entered Level 5 of the Dungeon
  4137 | D:5      | Reached skill level 5 in Evocations
  4137 | D:5      | Reached XP level 8. HP: 16/61 MP: 8/8
  4370 | D:5      | HP: 3/61 [phantom (5)]
  4374 | D:5      | HP: 1/61 [water moccasin (3)]
  4375 | D:5      | Succumbed to a water moccasin's poison

Illustrated notes

Levels and vault maps discovered:
D:1:      mrwooster_arrival_statue_2, layout_basic, st_stairs_1
D:2:      layout_basic, hellmonk_ecumenical_altar_dog_temple, uniq_terence
D:3:      layout_basic, nicolae_dithmenos_shadow_blocks,
          mainiacjoe_overflow_alcove_4, tgw_fedhas, saegor_snake_ambush
D:4:      layout_loops_ring, grunt_decor_fettered, uniq_crazy_yiuf_cottage,
          uniq_natasha, uniq_grinder
D:5:      minmay_diamond_boxcup, layout_basic, kennysheep_ying_yang,
          kennysheep_mini

Skill      XL: |  1  2  3  4  5  6  7 |
---------------+----------------------+-----
Short Blades   | 2 3 4 5 6 |  6.8
Evocations     | 2 5 |  5.5
Fighting       | 3 4 |  4.7
Throwing       | |  1.7
Dodging        | |  0.8
Stealth        | |  3.2

Action                     |  1- 3 |  4- 6 |  7- 9 || total
---------------------------+-------+-------+-------++-------
  Melee: Dagger            |   126 |   181 |    94 ||   401
         Short sword       |       |       |    88 ||    88
  Evoke: Wand              |       |     4 |     9 ||    13
   Stab: Sleeping          |     7 |     2 |     1 ||    10
         Paralysed         |       |     3 |     1 ||     4
 Armour: Robe              |    59 |     5 |       ||    64
         Scale mail        |       |    37 |    69 ||   106
  Dodge: Dodged            |    61 |    37 |    34 ||   132

Table legend: (Time is in decaauts)
 A = Elapsed time spent in this place.
 B = Non-inter-level travel time spent in this place.
 C = Inter-level travel time spent in this place.
 D = Time resting spent in this place.
 E = Time spent auto-exploring this place.
 F = Levels seen in this place.
 G = Mean time per level.
                   A        B        C        D        E       F      G
               +--------+--------+--------+--------+--------+-----+--------+
         Total |   4314 |   4208 |    106 |      0 |   3531 |   5 |  862.8 |
       Dungeon |   4314 |   4208 |    106 |      0 |   3531 |   5 |  862.8 |
               +--------+--------+--------+--------+--------+-----+--------+

Top non-repeatable levels by time:
     D:4: 1057 daAuts
     D:1: 1021 daAuts
     D:2: 939 daAuts
     D:3: 923 daAuts
     D:5: 372 daAuts
